 Dungeon Crawl Stone Soup version 0.20.1-1-g8b1a95d (console) character file.

51 rafael the Gusty (level 4, -2/27 HPs)
             Began as a Halfling Air Elementalist on July 7, 2017.
             Shot with a stone by a goblin (9 damage)
             ... on level 2 of the Dungeon.
             The game lasted 00:04:31 (835 turns).

rafael the Gusty (Halfling Air Elementalist)         Turns: 835, Time: 00:04:32

Health: -2/27      AC:  3    Str:  9    XL:     4   Next: 5%
Magic:  2/6        EV: 15    Int: 14    God:
Gold:   60         SH:  0    Dex: 14    Spells: 5/6 levels left

rFire    . . .     SeeInvis .   a - +0 dagger
rCold    . . .     Gourm    .   (shield restricted)
rNeg     . . .     Faith    .   d - +0 robe
rPois    .         Spirit   .   (no helmet)
rElec    .         Reflect  .   (no cloak)
rCorr    .         Harm     .   l - +0 pair of gloves
MR       .....                  (no boots)
Stlth    ++........             (no amulet)
Regen    0.1/turn               (no ring)
MPRegen  0.1/turn               (no ring)

@: no status effects
A: mutation resistance 1
a: no special abilities


You were on level 2 of the Dungeon.
You were not hungry.

You visited 1 branch of the dungeon, and saw 2 of its levels.

You collected 60 gold pieces.

Inventory:

Hand Weapons
 a - a +0 dagger (weapon)
Armour
 d - a +0 robe (worn)
 l - a +0 pair of gloves (worn)
Scrolls
 e - 2 scrolls of identify {unknown}
 h - a scroll of remove curse {unknown}
 i - a scroll of teleportation {unknown}
 j - a scroll of blinking {unknown}
Potions
 g - a potion of curing
Books
 b - a book of Air

   Spells                             Type                      Level
   a - Shock                          Conjuration/Air              1
   b - Swiftness                      Charms/Air                   2
   c - Static Discharge               Conjuration/Air              3
   d - Airstrike                      Air                          4
   e - Lightning Bolt                 Conjuration/Air              5
Comestibles
 c - a bread ration
 f - a meat ration
 k - a chunk of flesh


   Skills:
 + Level 2.7 Dodging
 + Level 3.0 Stealth
 - Level 1.5 Spellcasting
 - Level 0.7 Conjurations
 * Level 4.0 Air Magic


You had 5 spell levels left.
You knew the following spells:

 Your Spells              Type           Power        Failure   Level  Hunger
a - Shock                 Conj/Air       #...         10%         1    ##.....


Dungeon Overview and Level Annotations

Branches:
Dungeon (2/15)

Altars:


Innate Abilities, Weirdness & Mutations

You are small and have problems with some larger weapons.
You are somewhat resistant to further mutation.


Message History

Your magical contamination has completely faded away.
Things that are here:
a whip; an adder corpse The goblin shoots a stone.
The stone closely misses you.
The goblin shoots a stone.
The stone hits you but does no damage.
You see here a stone.
The goblin shoots a stone.
The stone hits you but does no damage.
You see here a stone.
The goblin shoots a stone.
The stone hits you but does no damage.
A goblin comes into view. It is wielding a mace.
The goblin shouts!
The goblin throws a tomahawk.
The tomahawk hits you.
* * * LOW HITPOINT WARNING * * *
The goblin shoots a stone.
The stone misses you.
Items here: (( ) † a stone; a tomahawk; a whip; an adder corpse The goblin shoots a stone.
The stone hits you but does no damage.
You see here 3 stones.
The goblin shoots a stone.
The stone hits you!
You die...

#### ####### #..#
##.....#######(#####.
#....#......gw........
#..#.(.@((..##........
#...#######...g....#..
##..............#....
#...########..........
#...# ##.....#...#....
#...##...# #..........
#...#..###..........
#...................
#..............##...


You could see a worm and 2 goblins.

Vanquished Creatures
  An adder (D:2)
  2 dart slugs
  2 bats (D:1)
  A giant cockroach (D:1)
  7 goblins
  4 hobgoblins (D:1)
  4 jackals (D:2)
  A ball python (D:1)
  5 frilled lizards
  5 kobolds
  4 rats (D:1)
36 creatures vanquished.

Notes
Turn   | Place    | Note
-------+----------+-------------------------------------------
     0 | D:1      | rafael the Halfling Air Elementalist began the quest for the Orb.
     0 | D:1      | Reached XP level 1. HP: 11/11 MP: 3/3
    53 | D:1      | Reached XP level 2. HP: 17/17 MP: 0/4
   291 | D:1      | Reached XP level 3. HP: 14/21 MP: 1/5
   802 | D:2      | Reached XP level 4. HP: 13/27 MP: 1/6
   814 | D:2      | Reached skill level 4 in Air Magic
   835 | D:2      | Shot with a stone by a goblin

Skill      XL: |  1  2  3  4 |
---------------+-------------+-----
Stealth        | 3 |  3.0
Air Magic      | 4 |  4.0
Dodging        | |  2.7
Spellcasting   | |  1.5
Conjurations   | |  0.7

Action                   |  1- 3 |  4- 6 || total
-------------------------+-------+-------++-------
Melee: Dagger            |    45 |     2 ||    47
 Cast: Shock             |    42 |     3 ||    45
  Use: Potion            |     1 |       ||     1
 Stab: Sleeping          |     2 |       ||     2
  Eat: Chunk             |     1 |       ||     1
Armor: Robe              |     8 |     1 ||     9
Dodge: Dodged            |    48 |     6 ||    54
